 Dungeon Crawl Stone Soup version 0.19-a0-1401-g902f63d (webtiles) character file.

290 epen the Poker (level 6, -7/48 HPs)
             Began as a Merfolk Monk on Sept 4, 2016.
             Killed by divine providence
             ... invoked by an orc priest
              (9 damage)
             ... on level 4 of the Dungeon.
             The game lasted 00:05:03 (4204 turns).

epen the Poker (Merfolk Monk)                       Turns: 4204, Time: 00:05:04

Health: -7/48      AC:  7    Str: 13    XL:     6   Next: 32%
Magic:  6/6        EV: 14    Int: 10    God:
Gold:   152        SH:  0    Dex: 16    Spells: 0 memorised, 5 levels left

rFire  . . .     SeeInvis +     a - +0 spear
rCold  . . .     Gourm    +     o - +0 ring mail
rNeg   . . .     Faith    .     (no shield)
rPois  .         Spirit   .     E - +1 helmet {SInv}
rElec  .         Dismiss  .     (no cloak)
rCorr  .         Reflect  .     (no gloves)
MR     .....     Harm     .     (no boots)
Stlth  ..........               C - amulet of the gourmand
                                (no ring)
                                g - ring of loudness

@: no status effects
A: change form in water, swift swim, stealthy swim
a: no special abilities


You were on level 4 of the Dungeon.
You were not hungry.

You visited 1 branch of the dungeon, and saw 4 of its levels.

You collected 152 gold pieces.

Inventory:

Hand Weapons
 a - a +0 spear (weapon)
 D - a -2 trident
Armour
 b - a +0 robe
 o - a +0 ring mail (worn)
 s - a +0 buckler
 E - a +1 helmet of see invisible (worn)
Jewellery
 g - a ring of loudness (left hand)
 C - an amulet of the gourmand (around neck)
Scrolls
 B - a scroll of teleportation
Potions
 d - 2 potions of cancellation
 e - 6 potions of curing
 i - a potion of mutation {unknown}
 m - a potion of flight {unknown}
 n - 2 potions of lignification
 p - 2 potions of berserk rage
 A - a potion of degeneration {unknown}
Comestibles
 c - 3 bread rations
 f - a royal jelly
 k - a beef jerky
 l - 3 fruits
 q - a meat ration


   Skills:
 + Level 4.2 Fighting
 + Level 6.0 Polearms
 * Level 2.1 Armour
 + Level 5.5 Dodging
 - Level 2.1 Stealth
 + Level 1.7 Shields


You had 5 spell levels left.
You didn't know any spells.

Dungeon Overview and Level Annotations

Branches:
Dungeon (4/15)
 Temple: D:4-7

Altars:
Ashenzari
Fedhas
Gozag
The Shining One


Message History

You barely miss the ogre.
The ogre is heavily wounded.
The ogre barely misses you.
You hit the ogre.
The ogre is heavily wounded.
You hit the ogre.
The ogre is severely wounded.
The ogre hits you with a giant club!
* * * LOW HITPOINT WARNING * * *
You are too injured to fight recklessly!
You are too injured to fight recklessly!
An orc priest comes into view.
The orc priest miscasts a cantrip.
The orc priest calls down the wrath of Beogh upon you.
Beogh smites you!
* * * LOW HITPOINT WARNING * * *
Found a bread ration.
The orc priest invokes the aid of Beogh against you.
Beogh smites you!
You die...

.# #.#.#.#**.#.#*.#*******
.#######.#.#.# #..%##..,,,,,,*
.........#.#.# #..P....***,***
.######..#)#.# #..8..#,* *,*
## #.)#.#.###..8P.#,* *,*
#............,P#,* *,*
#...<#.###.##..#.# *,*
#........O.o.....# *,* #
#....#.###@##.###***,***
#######....#.#[.........,,,,,*
.......(...#.#.#.##.####******
...........#.#.#.#*,#
...........#.#.#.#*,*
.......#[..#.#.#..,,*
.......'...#.#.###############
.......#..##.#.#.............#
.......#..##.#...##########.##


You could see an ogre and an orc priest.

Vanquished Creatures
  A water moccasin skeleton (D:4)
  A hound (D:4)
  A giant frog skeleton (D:4)
  A hound zombie (D:4)
  A howler monkey zombie (D:4)
  5 adders
  3 oozes
  An adder skeleton (D:4)
  2 worms (D:2)
  2 dart slugs
  2 giant geckos (D:1)
  6 orcs
  4 bats
  4 giant cockroaches
  8 goblins
  6 hobgoblins
  10 jackals
  A quokka (D:2)
  A ball python (D:4)
  A giant newt (D:3)
  6 kobolds
  12 rats
79 creatures vanquished.

Notes
Turn   | Place    | Note
-------+----------+-------------------------------------------
     0 | D:1      | epen the Merfolk Monk began the quest for the Orb.
     0 | D:1      | Reached XP level 1. HP: 18/18 MP: 1/1
   318 | D:1      | Reached XP level 2. HP: 18/24 MP: 2/2
   551 | D:1      | Reached XP level 3. HP: 15/29 MP: 3/3
   957 | D:2      | Reached skill level 5 in Polearms
  1124 | D:2      | Reached skill level 1 in Armour
  1389 | D:2      | Reached XP level 4. HP: 30/35 MP: 4/4
  1817 | D:2      | Found a blossoming altar of Fedhas.
  2465 | D:3      | Found a blossoming altar of Fedhas.
  2484 | D:3      | Reached skill level 5 in Dodging
  2590 | D:3      | Reached XP level 5. HP: 29/42 MP: 5/5
  3067 | D:4      | Found a glowing golden altar of the Shining One.
  3596 | D:4      | Reached skill level 1 in Shields
  3674 | D:4      | Reached XP level 6. HP: 12/48 MP: 6/6
  4049 | D:4      | Found an opulent altar of Gozag.
  4049 | D:4      | Found a shattered altar of Ashenzari.
  4076 | D:4      | Reached skill level 6 in Polearms
  4201 | D:4      | HP: 1/48 [orc priest/divine providence (9)]
  4204 | D:4      | Killed from afar by an orc priest

Vault maps used:
D:1:      zelgadis_glass_arrival_small
D:2:      fedhas_altar_1
D:3:      overflow_temple_1_default
D:4:      gammafunk_temple_overflow_forgotten, serial_undead, serial_undead_b,
          serial_undead_a, serial_undead_b, serial_undead_c, serial_undead_b,
          serial_undead_b, first_bread

Skill      XL: |  1  2  3  4  5  6 |
---------------+-------------------+-----
Polearms       | 5 6 |  6.0
Armour         | 1 2 |  2.1
Dodging        | 5 |  5.5
Fighting       | 4 |  4.2
Shields        | 1 |  1.7
Stealth        | |  2.1

Action                   |  1- 3 |  4- 6 || total
-------------------------+-------+-------++-------
Melee: Spear             |   174 |   278 ||   452
       Trident           |       |    10 ||    10
  Use: Scroll            |       |    13 ||    13
  Eat: Chunk             |     1 |    13 ||    14
Armor: Robe              |     5 |       ||     5
       Ring mail         |     6 |    53 ||    59
Dodge: Dodged            |    76 |   130 ||   206
